 Dungeon Crawl Stone Soup version 0.29-a0-334-gb41bcbb86e (webtiles) character file.

Game seed: 10367418297125911489

233 KateM the Skirmisher (level 5, 0/50 HPs)
             Began as a Minotaur Fighter on Apr 14, 2022.
             Slain by a gnoll
             ... wielding a +0 whip
              (4 damage)
             ... on level 4 of the Dungeon.
             The game lasted 00:01:38 (2379 turns).

KateM the Skirmisher (Minotaur Fighter)             Turns: 2379, Time: 00:01:38

Health: 0/50       AC:  6    Str: 23    XL:     5   Next: 75%
Magic:  4/4        EV:  9    Int:  5    God:
Gold:   141        SH:  4    Dex:  9    Spells: 4/4 levels left

rFire   . . .      SeeInvis .   a - +0 war axe
rCold   . . .      Faith    .   c - +0 buckler
rNeg    . . .      Spirit   .   b - +0 scale mail
rPois   .          Reflect  .   (helmet restricted)
rElec   .          Harm     .   (no cloak)
rCorr   .          Rampage  .   (no gloves)
Will    .....                   (no boots)
Stlth   ..........              (no amulet)
HPRegen 0.16/turn               (no ring)
MPRegen 0.09/turn               (no ring)

@: no status effects
A: horns 2, retaliatory headbutt
a: no special abilities


You were on level 4 of the Dungeon.
You visited 1 branch of the dungeon, and saw 4 of its levels.

You collected 141 gold pieces.

Inventory:

Hand Weapons
 a - a +0 war axe (weapon)
Armour
 b - a +0 scale mail (worn)
 c - a +0 buckler (worn)
Jewellery
 e - a +4 ring of evasion
 r - the ring of the Leaf {rPois Will- EV+4 Dex+2}
   (You found it on level 3 of the Dungeon)

   [ring of evasion]

   EV:        It affects your evasion (+4).
   Dex:       It affects your dexterity (+2).
   rPois:     It protects you from poison.
   Will:      It decreases your willpower.
 t - an amulet of reflection
Scrolls
 g - a scroll of blinking {unknown}
 i - 2 scrolls of vulnerability {unknown}
 j - 6 scrolls of teleportation {unknown}
 m - 2 scrolls of enchant weapon {unknown}
 n - a scroll of identify {unknown}
 s - a scroll of acquirement {unknown}
 v - a scroll of amnesia {unknown}
Potions
 d - a potion of might
 f - a potion of mutation {unknown}
 h - 3 potions of ambrosia {unknown}
 k - a potion of magic {unknown}
 l - 2 potions of brilliance {unknown}
 o - a potion of haste {unknown}
 p - 3 potions of curing {unknown}
 q - 4 potions of lignification {unknown}
 u - a potion of degeneration {unknown}
 w - a potion of heal wounds {unknown}


   Skills:
 * Level 6.1 Fighting
 * Level 5.4 Axes
 - Level 3.6 Armour
 - Level 3.6 Shields


You had 4 spell levels left.
You didn't know any spells.
Your spell library contained the following spells:

 Spells                   Type           Power      Damage    Failure   Level
 Static Discharge         Conj/Air       0%         N/A       95%         2
 Lightning Bolt           Conj/Air       0%         1d11      100%        5
 Maxwell's Capacitive Co  Air            0%         ∞         100%        8


Dungeon Overview and Level Annotations

Branches:
Dungeon (4/15)
 Temple: D:4-7

Altars:
Fedhas


Innate Abilities, Weirdness & Mutations

You have a pair of horns on your head.
You reflexively headbutt those who attack you in melee.


Message History

You now have 141 gold pieces (gained 3).
You see here 14 stones.
w - a golden potion No target in view! 3 gnolls come into view.
The gnoll shouts!
You hear a shout!
A gnoll comes into view. It is wielding a +0 whip.
The gnoll shouts!
The gnoll barely misses you.
There are monsters nearby!
You slash the gnoll!
The gnoll is almost dead.
The gnoll hits you with a +0 spear.
You slash the gnoll!
You kill the gnoll!
The gnoll barely misses you.
Your Fighting skill increases to level 6!
The gnoll hits you with a +3 spear.
You see here a +0 spear.
You hit the gnoll. You headbutt the gnoll!
You kill the gnoll!
The gnoll hits you with a +0 flail.
You hit the gnoll but do no damage. The gnoll hits you with a +0 flail.
You barely miss the gnoll. The gnoll hits you with a +0 flail!
You are too injured to fight recklessly!
You are too injured to fight recklessly!
You are too injured to fight recklessly!
You barely miss the gnoll. The gnoll hits you with a +0 flail.
You barely miss the gnoll. The gnoll hits you with a +0 flail!
* * * LOW HITPOINT WARNING * * *
The gnoll barely misses you.
You barely miss the gnoll. The gnoll hits you but does no damage.
You slash the gnoll!
The gnoll is severely wounded.
The gnoll hits you with a +0 flail!
* * * LOW HITPOINT WARNING * * *
You hit the gnoll.
You kill the gnoll!
You barely miss the gnoll. The gnoll hits you with a +0 whip.
You die...

.'......## ....##
.######..# ....
######.######.#
..#
#.............#
###.
#.####..#####.#
##...
#..........###^..^
#.##.#####.##.^...
#.##..# #.#......
#@###.## #.#....>.
#g# #..###.#.....^
#.# ##.#....#^....
#.# #....(.##...^
#.# ##.....###...
#.# #..#+## ##..
#.# ##.# #.. #.#
#.# #.# #.# #.#


You could see a gnoll.

Vanquished Creatures
  A scorpion (D:4)
  7 gnolls
  4 adders
  2 worms
  2 dart slugs
  An orc (D:3)
  5 bats
  5 endoplasms
  A giant cockroach (D:1)
  7 goblins
  2 hobgoblins
  4 jackals
  3 quokkas (D:3)
  5 ball pythons
  8 kobolds
  6 rats
63 creatures vanquished.

Notes
Turn   | Place    | Note
-------+----------+-------------------------------------------
     0 | D:1      | KateM the Minotaur Fighter began the quest for the Orb.
     0 | D:1      | Reached XP level 1. HP: 19/19 MP: 0/0
   138 | D:1      | Reached skill level 4 in Fighting
   138 | D:1      | Reached XP level 2. HP: 26/27 MP: 1/1
   330 | D:1      | Found a faded altar of an unknown god.
   528 | D:2      | Found a blossoming altar of Fedhas.
   975 | D:2      | Reached XP level 3. HP: 32/34 MP: 2/2
  1228 | D:3      | Reached skill level 5 in Fighting
  1228 | D:3      | Reached XP level 4. HP: 42/42 MP: 3/3
  1347 | D:3      | Identified the ring of the Leaf {rPois Will- EV+4 Dex+2}
  2264 | D:4      | Noticed a scorpion
  2267 | D:4      | Killed a scorpion
  2268 | D:4      | Reached skill level 5 in Axes
  2268 | D:4      | Reached XP level 5. HP: 45/50 MP: 4/4
  2370 | D:4      | Reached skill level 6 in Fighting
  2379 | D:4      | Slain by a gnoll

Illustrated notes

Levels and vault maps discovered:
D:1:      evilmike_arrival_rings, layout_rooms, shapermc_ecumenical_altar_venn
D:2:      kennysheep_six_static_rooms, layout_loops_ring, basic_altar
D:3:      layout_loops_cross, portal_sewer_entry_e, st_stairs_3
D:4:      layout_basic, minmay_temple_entry_statues_pillars, nicolae_wormholes

Skill      XL: |  1  2  3  4  5 |
---------------+----------------+-----
Fighting       | 4 5 6 |  6.1
Axes           | 3 4 5 |  5.4
Armour         | |  3.6
Shields        | |  3.6

Action                   |  1- 3 |  4- 6 || total
-------------------------+-------+-------++-------
Melee: War axe           |    64 |    59 ||   123
       Headbutt          |    12 |     8 ||    20
Armor: Scale mail        |    30 |    18 ||    48
Dodge: Dodged            |    25 |    19 ||    44
Block: Buckler           |    14 |    12 ||    26

Table legend: (Time is in decaauts)
 A = Elapsed time spent in this place.
 B = Non-inter-level travel time spent in this place.
 C = Inter-level travel time spent in this place.
 D = Time resting spent in this place.
 E = Time spent auto-exploring this place.
 F = Levels seen in this place.
 G = Mean time per level.
                   A        B        C        D        E       F      G
               +--------+--------+--------+--------+--------+-----+--------+
         Total |   2421 |   2421 |      0 |      0 |   2031 |   4 |  605.2 |
       Dungeon |   2421 |   2421 |      0 |      0 |   2031 |   4 |  605.2 |
               +--------+--------+--------+--------+--------+-----+--------+

Top non-repeatable levels by time:
     D:3: 1090 daAuts
     D:2: 710 daAuts
     D:1: 488 daAuts
     D:4: 131 daAuts
